 Dungeon Crawl Stone Soup version 0.17-a0-977-g4154171 (webtiles) character file.

76 Hanyuu the Insei (level 4, 0/28 HPs)
             Began as an Octopode Transmuter on May 10, 2015.
             Slain by a quokka (1 damage)
             ... on level 3 of the Dungeon.
             The game lasted 00:05:39 (2721 turns).

Hanyuu the Insei (Octopode Transmuter)              Turns: 2721, Time: 00:05:40

Health: 0/28       AC:  2    Str:  6 (9)  XL:     4   Next: 32%
Magic:  1/7        EV: 14    Int: 16      God:
Gold:   90         SH:  0    Dex: 17      Spells: 3 memorised, 1 level left

rFire  . . .     SeeInvis .       - Unarmed
rCold  . . .     Clarity  .     (shield currently unavailable)
rNeg   . . .     SustAb   .     (helmet currently unavailable)
rPois  x         Gourm    .     (no amulet)
rElec  .         Spirit   .     (no ring)
rCorr  .         Warding  .     (no ring)
rMut   .         Stasis   .     (no ring)
MR     .....                    (no ring)
Stlth  ++........               (no ring)
                                (no ring)
                                (no ring)
                                (no ring)

@: spider-form (expiring), very slightly contaminated, not resistant to hostile
enchantments, unstealthy
A: almost no armour, amphibious, 8 rings, (constrict 8), (camouflage 0),
(gelatinous body 0)
a: End Transformation


You were on level 3 of the Dungeon.
You were hungry.
You were a venomous arachnid creature.
You visited 1 branch of the dungeon, and saw 3 of its levels.

You collected 90 gold pieces.

Inventory:

Missiles
 a - 12 arrows
Scrolls
 c - a scroll of enchant armour {unknown}
 e - a scroll of remove curse {unknown}
 f - a scroll of identify {unknown}
 g - 2 scrolls of fog {unknown}
 h - 2 scrolls of fear {unknown}
 j - a scroll of immolation {unknown}
Potions
 k - a potion of curing {unknown}
 m - a potion of poison {unknown}
Books
 b - a book of Changes

   Spells                             Type                      Level
   a - Beastly Appendage              Transmutation                1
   b - Sticks to Snakes               Transmutation                2
   c - Spider Form                    Transmutation/Poison         3
   d - Ice Form                       Ice/Transmutation            4
   e - Blade Hands                    Transmutation                5
Comestibles
 l - a bread ration


   Skills:
 - Level 1.0 Fighting
 - Level 2.0 Dodging
 * Level 4.9 Unarmed Combat
 - Level 2.0 Spellcasting
 + Level 2.2 Transmutations


You had one spell level left.
You knew the following spells:

 Your Spells              Type           Power        Failure   Level  Hunger
a - Beastly Appendage     Trmt           #.....       24%         1    #......
b - Sticks to Snakes      Trmt           #.........   32%         2    ###....
c - Spider Form           Trmt/Pois      #.........   61%         3    ###....


Dungeon Overview and Level Annotations

Branches:
Dungeon (3/15)

Altars:


Innate Abilities, Weirdness & Mutations

You cannot wear most types of armour.
You are amphibious.
You can wear up to eight rings at the same time.
((You can use your tentacles to constrict eight enemies at once.))
((Your skin changes colour to match your surroundings (Stealth).))
((Your rubbery body absorbs attacks (AC +1).))


Message History

There is a stone staircase leading up here.
The orc barely misses you.
The orc priest invokes the aid of Beogh against you.
Something smites you!
You hit the orc priest.
The orc priest is poisoned.
The orc priest is lightly wounded.
The quokka barely misses you. The orc misses you.
The orc wizard gestures at you while chanting.
The magic dart hits you!
* * * LOW HITPOINT WARNING * * *
The orc barely misses you.
The orc priest hits you from afar with a trident.
* * * LOW HITPOINT WARNING * * *
The quokka closely misses you.
There is a stone staircase leading up here.
The orc hits you but does no damage. The orc priest barely misses you.
The orc wizard hits you with a dagger.
* * * LOW HITPOINT WARNING * * *
The quokka bites you.
You die...

#.......#
#.......
#.......
...... #
....#
#.#...###
#..ro...#
###.or..#
#...os..#
#...o...#
####....#
##.!.#
#?..#
#....
#.....
#...###


You could see an orc priest, an orc wizard, 2 orcs, a quokka and a rat.

Vanquished Creatures
  2 adders (D:2)
  3 oozes
  4 giant geckos
  2 ball pythons (D:1)
  A giant cockroach (D:1)
  4 hobgoblins
  7 kobolds
  7 bats
  7 goblins
  3 quokkas (D:2)
  4 rats
44 creatures vanquished.

Notes
Turn   | Place    | Note
--------------------------------------------------------------
     0 | D:1      | Hanyuu, the Octopode Transmuter, began the quest for the Orb.
     0 | D:1      | Reached XP level 1. HP: 13/13 MP: 3/3
   503 | D:1      | Reached XP level 2. HP: 18/18 MP: 5/5
   562 | D:1      | Learned a level 2 spell: Sticks to Snakes
   744 | D:1      | Reached skill level 4 in Unarmed Combat
   752 | D:1      | Reached XP level 3. HP: 16/23 MP: 6/6
   757 | D:1      | Learned a level 3 spell: Spider Form
  1977 | D:2      | Reached XP level 4. HP: 9/28 MP: 7/7
  2721 | D:3      | HP: 1/28 [orc wizard/dagger (5)]
  2721 | D:3      | Slain by a quokka

Vault maps used:
D:1:      grunt_arrival_lava_bath
D:3:      lemuel_round_altar, portal_sewer_entry_a, dk_vineyard_3, uniq_terence,
          uniq_iyjb, uniq_robin

Action                   |  1- 3 |  4- 6 || total
-------------------------+-------+-------++-------
Melee: Whip              |    73 |    30 ||   103
       Unarmed           |     5 |     7 ||    12
 Cast: Spider Form       |       |     1 ||     1
  Use: Potion            |     1 |       ||     1
 Stab: Sleeping          |     2 |     1 ||     3
  Eat: Bread ration      |     1 |       ||     1
       Chunk             |     2 |     2 ||     4
       Beef jerky        |     1 |       ||     1
